Map: Bel'Shir Vestige LE (Void)

Players

Musumeci

  • Race: Zerg Zerg
  • League: Diamond
  • Spawn Location: 5:00

snOpe - Winner!

  • Race: Terran Terran
  • League: Diamond
  • Spawn Location: 11:00

VOD

Have the link to the VOD?

Description

Time

  • Played on: March 23, 2017, 5:55 p.m.
  • Length: 11:19
Show
View Real Time Build Order
Export as new Build Order

Musumeci Zerg 

Build Orders: Hatch First 

Get SALT Encoding   

  12  0:06  Drone  
  13  0:08  Drone  
  14  0:15  Extractor  
  14  0:16  Drone  
  15  0:41  Hatchery  
  14  0:47  Extractor  
  14  0:48  Drone  
  15  1:03  Spawning Pool  
  14  1:13  Drone, Extractor  
  14  1:14  Drone, Extractor  
  14  1:22  Overlord  
  16  1:47  Drone  
  16  1:48  Drone x2  
  16  1:49  Queen  
  16  1:53  Queen  
  23  2:01  Drone x2  
  23  2:04  Drone  
  25  2:10  Extractor  
  25  2:14  Overlord  
  25  2:17  Drone  
  25  2:20  Drone  
  27  2:25  Drone  
  28  2:32  Queen  
  28  2:37  Queen  
  30  2:39  Drone  
  30  2:42  Drone  
  30  2:44  Drone  
  35  2:48  Drone  
  36  2:55  Overlord  
  36  3:12  Extractor  
  35  3:13  Overlord  
  35  3:14  Roach Warren  
  35  3:15  Extractor  
  35  3:17  Drone  
  35  3:18  Drone x5  
  39  3:24  Evolution Chamber  
  39  3:25  Evolution Chamber  
  37  3:28  Evolution Chamber  
  36  3:36  Drone x4  
  40  3:49  Drone x6  
  46  3:59  Drone x2  
  48  4:06  Roach x2  
  52  4:13  Extractor  
  52  4:15  Overlord  
  51  4:17  Overlord  
  51  4:18  Overlord  
  51  4:34  Roach x4  
  57  4:50  Hatchery  
  56  4:58  Queen  
  29  5:16  Roach x3  
  29  5:17  Roach x4  
  42  5:28  Roach  
  42  5:29  Roach  
  38  5:50  Drone x2  
  38  5:53  Queen  
  42  6:03  Hatchery  
  41  6:07  Drone x3  
  44  6:33  Queen  
  44  6:38  Drone x5  
  44  6:39  Drone  
  52  6:41  Extractor  
  52  6:43  Extractor  
  50  6:51  Roach x2  
  52  6:59  Roach  
  46  7:21  Zergling x10  
  45  7:48  Zergling x2  
  45  7:49  Zergling x8  
  44  7:56  Queen  
  43  8:07  Roach Warren  
  43  8:09  Metabolic Boost  
  42  8:25  Hatchery  
  41  8:33  Drone x3  
  41  8:34  Hatchery  
  41  9:15  Hatchery  
  37  9:18  Drone x6  
  43  9:26  Drone x2  
  49  9:38  Roach x2  
  49  9:50  Drone  
  49  9:51  Drone, Extractor  
  50  10:01  Ravager x2  
  50  10:02  Roach x5  
  59  10:23  Ravager x5  
  64  10:37  Hatchery  
  64  10:41  Roach x2  
  52  10:59  Roach x6  
  52  11:00  Roach x2  
Show
View Real Time Build Order
Export as new Build Order

snOpe Terran - Winner!

Build Orders: Cyclone Opening, Mech 

Get SALT Encoding   

  12  0:00  SCV  
  13  0:13  SCV  
  14  0:19  Supply Depot  
  14  0:25  SCV  
  15  0:29  Refinery  
  15  0:40  SCV  
  16  0:44  Barracks  
  16  0:52  SCV  
  17  1:02  Refinery  
  17  1:04  SCV  
  18  1:11  Supply Depot  
  18  1:17  SCV  
  19  1:31  Orbital Command  
  19  1:44  Factory  
  19  1:53  Barracks Reactor  
  19  1:58  SCV  
  20  2:09  Supply Depot  
  20  2:10  SCV  
  21  2:23  SCV  
  22  2:38  Cyclone x2  
  22  2:40  SCV  
  29  2:48  Command Center  
  29  2:52  SCV  
  29  2:56  Supply Depot  
  30  3:10  Cyclone  
  33  3:14  Cyclone  
  36  3:24  Factory  
  36  3:30  SCV  
  37  3:38  Armory  
  37  3:44  Barracks Reactor  
  37  3:49  Hellion  
  37  3:55  Hellion  
  41  3:59  SCV  
  42  4:10  Engineering Bay  
  42  4:13  Hellion  
  44  4:22  Hellion  
  46  4:28  Hellion  
  48  4:33  Orbital Command  
  48  4:51  Hellion  
  48  4:52  Hellion  
  52  4:53  Cyclone  
  52  4:58  Hellion  
  54  5:13  Hellion x2  
  52  5:19  Hellion  
  54  5:26  Hellion  
  56  5:34  Cyclone  
  59  5:35  Hellion x4  
  59  5:38  Factory  
  50  6:01  Refinery, Cyclone x2  
  50  6:02  Refinery  
  52  6:06  SCV  
  52  6:07  SCV  
  52  6:12  Supply Depot  
  52  6:23  Factory Tech Lab  
  52  6:26  Factory  
  52  6:31  SCV x2  
  54  6:33  Cyclone  
  54  6:39  Terran Vehicle Weapons Level 1  
  57  6:43  SCV x2, Thor  
  65  6:56  Cyclone  
  60  7:10  Cyclone  
  63  7:24  Cyclone  
  63  7:26  SCV  
  63  7:27  SCV  
  68  7:37  Command Center  
  68  7:38  Command Center  
  63  7:44  Siege Tank  
  64  7:59  Drilling Claws  
  64  8:11  Widow Mine x3  
  70  8:16  Engineering Bay  
  70  8:31  Supply Depot x2  
  70  8:32  Supply Depot  
  70  8:49  Siege Tank  
  67  9:19  Factory Tech Lab  
  67  9:21  Siege Tank  
  70  9:24  Planetary Fortress  
  70  9:26  SCV  
  70  9:27  SCV  
  72  9:38  Hellion x3  
  78  9:39  Hellion x2  
  82  9:53  Siege Tank  
  82  9:59  Hellion  
  81  10:23  Cyclone x3  
  81  10:24  Cyclone  
  81  10:25  Siege Tank, Cyclone  
  96  10:39  SCV x2  
Tags
 
Add a new tag
Caveats
  • Supply blocks, unpowered buildings, or Contaminate may cause inaccurate times.
  • Supply counts are checked every 10 seconds.